 Dungeon Crawl Stone Soup version 0.30.0-29-ga12c61a403 (webtiles) character file.

Game seed: 9825690680764732686

85031 Fodor the Warrior (level 15, -1/148 HPs)
             Began as a Minotaur Fighter on June 20, 2023.
             Was an Initiate of Gozag.
             Killed from afar by a steam dragon (5 damage)
             ... with a ball of steam
             ... on level 1 of the Shoals on June 21, 2023.
             The game lasted 02:23:09 (22495 turns).

Fodor the Warrior (Minotaur Fighter)               Turns: 22495, Time: 02:23:09

Health: -1/148     AC: 33    Str: 34    XL:     15   Next: 36%
Magic:  14/14      EV: 12    Int:  5    God:    Gozag
Gold:   3539       SH:  0    Dex: 10    Spells: 14/14 levels left

rFire   . . .        q - +7 lajatang (freeze)
rCold   . . .        (shield currently unavailable)
rNeg    . . .        N - +8 chain mail {Will+}
rPois   .            c - +0 hat {Will+}
rElec   .            S - +2 cloak
rCorr   .            W - +2 pair of gloves
SInv    .            Z - +2 pair of boots {rampage}
Will    +++..        v - amulet of regeneration Stlth
                     M - +4 ring of slaying
HPRegen 1.24/turn    T - +6 ring of strength
MPRegen 0.14/turn

%: rampage
@: engulfed (cannot breathe), gold aura, mesmerised, very slow
A: horns 2, retaliatory headbutt
a: Renounce Religion, Potion Petition, Call Merchant, Bribe Branch


You were on level 1 of the Shoals.
You worshipped Gozag.
Gozag was most pleased with you.
You visited 5 branches of the dungeon, and saw 20 of its levels.
You also visited: Sewer.

You collected 5537 gold pieces.
You spent 1916 gold pieces at shops.
You paid 82 gold pieces to Gozag.

Inventory:

Hand Weapons
 j - a +4 triple crossbow of flaming
 p - a +5 heavy mace
 q - a +7 lajatang of freezing (weapon)
 F - a +0 heavy sling
Missiles
 b - a throwing net
 A - 16 curare-tipped darts
 D - 81 poisoned darts (quivered)
 I - 3 silver boomerangs
Armour
 c - a +0 hat of willpower (worn)
 N - a +8 chain mail of willpower (worn)
 S - a +2 cloak (worn)
 W - a +2 pair of gloves (worn)
 Z - a +2 pair of boots of rampaging (worn)
Jewellery
 g - the ring "Ehuenubb" {rElec rF+}
   (You found it on level 15 of the Dungeon)

   [ring of protection from fire]

   rF:        It protects you from fire.
   rElec:     It insulates you from electricity.
 v - an amulet of regeneration (around neck)
 x - a ring of see invisible
 y - a ring of positive energy
 z - a +6 ring of intelligence
 M - a +4 ring of slaying (left hand)
 O - a ring of willpower
 R - a ring of magical power
 T - a +6 ring of strength (right hand)
Wands
 k - a wand of flame (27)
 t - a wand of light (16)
 J - a wand of iceblast (13)
 L - a wand of paralysis (8)
 U - a wand of mindburst (13)
Scrolls
 a - 3 scrolls of fog
 f - 3 scrolls of vulnerability
 m - 3 scrolls of immolation
 n - 7 scrolls of teleportation
 u - a scroll of silence
 E - 3 scrolls of amnesia
 P - a scroll of torment
 Q - 2 scrolls of poison
 X - 2 scrolls of fear
Potions
 d - 6 potions of might
 e - 2 potions of magic {unknown}
 l - 3 potions of resistance
 o - 5 potions of heal wounds
 r - 11 potions of ambrosia
 s - 5 potions of mutation
 w - 3 potions of attraction
 C - 4 potions of flight
 G - 2 potions of cancellation
 H - a potion of invisibility
 K - 2 potions of haste
 Y - 7 potions of curing
Miscellaneous
 h - a phantom mirror
 i - a condenser vane
 B - a piece from Xom's chessboard (15/15)
 V - a lightning rod (4/4)


   Skills:
 + Level 17.7 Fighting
 + Level 2.1(2.9) Short Blades
 + Level 3.1(3.5) Long Blades
 + Level 15.1(16.4) Maces & Flails
 + Level 10.7(14.2) Staves
 + Level 2.1 Ranged Weapons
 + Level 3.5 Throwing
 + Level 17.2 Armour
 + Level 8.6 Dodging
 + Level 3.8 Stealth
 + Level 12.3 Shields


You had 14 spell levels left.
You didn't know any spells.
Your spell library contained the following spells:

 Spells                   Type           Power      Damage    Failure   Level
 Sandblast                Erth           0%         2d4       77%         1
 Blink                    Tloc           0%         N/A       88%         2
 Ensorcelled Hibernation  Hex/Ice        0%         N/A       88%         2
 Lesser Beckoning         Tloc           0%         N/A       88%         2
 Momentum Strike          Conj/Tloc      0%         3d8       88%         2
 Passwall                 Tmut/Erth      0%         N/A       88%         2
 Sublimation of Blood     Necr           0%         N/A       88%         2
 Wereblood                Tmut           0%         N/A       88%         2
 Dazzling Flash           Conj/Hex       0%         N/A       98%         3
 Frozen Ramparts          Ice            0%         1d1       98%         3
 Ignite Poison            Fire/Tmut/Pois 0%         N/A       98%         3
 Stone Arrow              Conj/Erth      0%         3d7       98%         3
 Swiftness                Air            0%         N/A       98%         3
 Ice Form                 Ice/Tmut       0%         N/A       100%        4
 Petrify                  Tmut/Erth      0%         N/A       100%        4
 Sticky Flame             Conj/Fire      0%         2d3       100%        4
 Summon Ice Beast         Ice/Summ       0%         N/A       100%        4
 Agony                    Necr           0%         N/A       100%        5
 Fireball                 Conj/Fire      0%         3d3       100%        5
 Irradiate                Conj/Tmut      0%         3d11      100%        5
 Iskenderun's Battlesphe  Conj           0%         2d6       100%        5
 Silence                  Hex/Air        0%         N/A       100%        5
 Conjure Ball Lightning   Conj/Air       0%         3x3d6     100%        6
 Haunt                    Necr/Summ      0%         N/A       100%        7
 Orb of Destruction       Conj           0%         9d5       100%        7
 Summon Hydra             Summ           0%         N/A       100%        7
 Ignition                 Fire           0%         3d3       100%        8
 Infestation              Necr           0%         N/A       100%        8
 Animate Dead             Necr           Unusable   N/A       N/A         4

Dungeon Overview and Level Annotations

Branches:
Dungeon (15/15)            Temple (1/1) D:5            Lair (2/5) D:9
 Shoals (1/4) Lair:2        Snake (1/4) Lair:2          Orc (0/2) D:10
 Vaults (0/5) D:14         Depths (0/4) D:15          Sewer (visited)

Altars:
Ashenzari
Cheibriados
Dithmenos
Elyvilon
Fedhas
Gozag
Hepliaklqana
Kikubaaqudgha
Makhleb
Nemelex Xobeh
Okawaru
Qazlal
Ru
Sif Muna
Trog
Uskayaw
Vehumet
Wu Jian
Xom
Yredelemnul
Zin
The Shining One

Shops:
D:5 :   D:9 =   D:10 *   D:13 ?

Annotations:
D:12 1 transporter, booth's ghost, journeyman DsGl


Innate Abilities, Weirdness & Mutations

You have a pair of horns on your head.
You reflexively headbutt those who attack you in melee.


Message History

The merfolk avatar chants its luring song.
Your unstable footing causes you to fumble your attack.
The merfolk aquamancer gestures at you while chanting.
The torrent of water hits you!!
* * * LOW HITPOINT WARNING * * *
You are knocked back by the torrent of water.
You collide with the snapping turtle!
The snapping turtle is almost dead.
Splash!
The wave splashes down.
You cannot move away from the merfolk avatar!
You cannot move away from the merfolk avatar!
Unknown command.
You cannot move away from the merfolk avatar!
You cannot move away from the merfolk avatar!
You cannot move away from the merfolk avatar!
You cannot move away from the merfolk avatar!
You cannot move away from the merfolk avatar!
Unknown command.
Your unstable footing causes you to fumble your attack.
The alligator is no longer distracted by gold.
The steam dragon breathes steam at you.
The ball of steam hits you but does no damage.
The water elemental is distracted by your dazzling golden aura.
The water elemental hits you.
The water elemental engulfs you in water!
The snapping turtle bites you from afar!
* * * LOW HITPOINT WARNING * * *
The snapping turtle closely misses you.
You hit the snapping turtle but do no damage.
The snapping turtle is almost dead.
You are engulfed in a cloud of scalding steam.
* * * LOW HITPOINT WARNING * * *
Your lungs strain for air!
The harpy is no longer distracted by gold.
The merfolk avatar chants its luring song.
The steam dragon breathes steam at you. The ball of steam hits you.
You die...
Your body crumbles into a pile of gold.

~≈≈≈≈~..>......~.....~~≈≈
~~~P~≈~.......~~~...~~~≈≈
P~~~~~≈~~~~~§........~~~≈
~~~~~~~≈≈≈~.§...!$....~~~
~~~≈~~≈≈≈≈......$......~~
..~≈≈≈≈≈≈~~~............~
^.~≈~~≈≈≈≈~...§.t.......~
..~~~~≈≈≈≈~...§§t§......~
...~≈~≈≈......§§@E§§X...~
#..~~.....~~~..§tD§§§≈..~
##.......~≈≈~...HEm§§≈~..
..~..#.~≈≈≈~m..≈≈~§§§~.
.....##.≈≈≈≈....≈≈~§§≈≈
...~~. ≈≈≈......≈≈≈~≈.~
.P~≈ ≈........≈~≈..~ ~...
~.............. ..P~


You could see a merfolk avatar (mesmerising), an alligator (swift), a merfolk
aquamancer, 2 snapping turtles, 2 water elementals, a harpy and a steam dragon
(catching breath).

Vanquished Creatures
  Jorgrun (Snake:1)
  A sphinx (D:14)
  Gastronok (Lair:2)
  Agnes (D:14)
  The ghost of Whoops the Severer, an adept DsFi of Okawaru (D:15)
  The ghost of AyAyRon the Bludgeoner, an adept DsFi of Yredelemnul (D:15)
  The ghost of Gosau the Carver, a journeyman DsGl of Makhleb (D:15)
  The ghost of Kuralita the Martial Artist, a journeyman OpTm of Makhleb (D:15)
  A fire dragon (D:15)
  Fannar (Lair:1)
  5 hydras
  A rakshasa (D:14)
  An ogre mage (D:13)
  A catoblepas (D:12)
  5 boulder beetles
  8 two-headed ogres
  A death knight (D:14)
  A centaur warrior (D:13)
  The ghost of Fodor the Cruncher, a novice MiFi of Gozag (D:9)
  A vampire mage (D:15)
  A tengu warrior (D:14)
  A shock serpent (Snake:1)
  Nergalle (Lair:2)
  3 naga sharpshooters (Snake:1)
  Sonja (D:12)
  4 skeletal warriors
  A skyshark (Shoals:1)
  2 sea snakes (Shoals:1)
  2 harpies (Shoals:1)
  4 necromancers
  23 ugly things
  3 deep elf pyromancers (D:14)
  A sphinx zombie (D:15)
  A mana viper (Snake:1)
  13 cyclopes
  12 manticores
  A salamander (Snake:1)
  A smoke demon (D:10)
  6 black mambas
  3 gargoyles
  2 naga magi (Snake:1)
  An orange demon (D:10)
  3 unseen horrors
  A cane toad (Lair:2)
  A spriggan zombie (D:15)
  3 freezing wraiths (D:15)
  2 komodo dragons
  2 efreet (D:14)
  2 ice devils (D:11)
  4 kobold demonologists
  2 tengu conjurers (D:14)
  A queen bee (Lair:1)
  2 hornets
  2 trolls
  Grinder (D:6)
  A hellwing (D:10)
  A wind drake (Shoals:1)
  3 blink frogs (Lair:2)
  2 merfolk (Shoals:1)
  8 spriggans (D:8)
  9 slime creatures
  A shadow (D:11)
  7 wraiths
  22 yaks
  A vampire (D:13)
  3 wyverns
  A water elemental (Shoals:1)
  3 fire bats (Lair:1)
  A redback (shapeshifter) (D:15)
  A basilisk (Lair:2)
  3 steam dragons
  2 wargs (D:9)
  2 vampire mosquitoes (D:14)
  A glowing shapeshifter zombie (D:15)
  7 nagas
  10 water moccasins
  A two-headed ogre zombie (D:10)
  A glowing shapeshifter skeleton (D:15)
  3 orc warriors
  A sky beast (D:6)
  An ice beast (D:8)
  A boggart (D:14)
  4 ogres
  4 centaurs
  3 wolves (Lair:1)
  3 phantoms
  16 kobold brigands
  7 bullfrogs
  5 scorpions
  3 troll zombies (D:10)
  42 killer bees
  6 howler monkeys
  A quasit (D:10)
  3 hounds
  4 iguanas
  A gnoll bouda (D:7)
  9 orc priests
  Jessica (D:2)
  10 orc wizards
  3 polar bear simulacra (D:9)
  4 yak simulacra (D:9)
  4 ogre zombies (D:10)
  Robin (D:3)
  7 adders
  8 gnolls
  4 river rats (D:7)
  A shadow imp (D:7)
  A white imp (D:6)
  An ufetubus (D:4)
  3 worms
  3 dart slugs
  37 orcs
  14 endoplasms
  12 giant cockroaches
  15 goblins
  11 hobgoblins
  9 jackals
  38 kobolds
  5 quokkas (Sewer)
  11 ball pythons
  A bat (D:3)
  8 frilled lizards
  2 goblin skeletons (D:10)
  A goblin zombie (D:10)
  2 hobgoblin skeletons (D:10)
  4 hobgoblin zombies (D:10)
  An orc skeleton (D:10)
  15 orc zombies (D:10)
  6 rats
  4 river rat simulacra (D:9)
  3 tentacles (Shoals:1)
606 creatures vanquished.

Vanquished Creatures (others)
  An unseen horror (D:12)
  A centaur simulacrum (D:14)
  4 tentacles (Shoals:1)
6 creatures vanquished.

Grand Total: 612 creatures vanquished

Notes
Turn   | Place    | Note
-------+----------+-------------------------------------------
     0 | D:1      | Fodor the Minotaur Fighter began the quest for the Orb.
     0 | D:1      | Reached XP level 1. HP: 19/19 MP: 0/0
    13 | D:1      | You fall into a shaft and drop 1 floor!
    86 | D:2      | Reached XP level 2. HP: 12/27 MP: 1/1
   354 | D:1      | Reached XP level 3. HP: 33/33 MP: 2/2
  1447 | D:2      | Noticed Jessica
  1452 | D:2      | Killed Jessica
  1453 | D:2      | Reached XP level 4. HP: 33/40 MP: 3/3
  1736 | D:3      | Reached skill level 1 in Short Blades
  1770 | D:3      | Found a shadowy altar of Dithmenos.
  1930 | D:3      | Reached skill level 5 in Armour
  2032 | D:3      | Noticed Robin
  2042 | D:3      | Reached skill level 1 in Dodging
  2050 | D:3      | Reached XP level 5. HP: 41/47 MP: 4/4
  2050 | D:3      | Killed Robin
  2610 | D:4      | Reached skill level 1 in Maces & Flails
  2777 | D:4      | Noticed an ogre
  2779 | D:4      | Reached XP level 6. HP: 53/53 MP: 5/5
  2996 | D:4      | Identified the +0 robe "Uthriku" {Int+2}
  3023 | D:4      | Found a glowing drain.
  3032 | Sewer    | Entered a sewer
  3236 | Sewer    | Reached skill level 5 in Fighting
  3239 | Sewer    | Reached XP level 7. HP: 54/61 MP: 6/6
  3252 | Sewer    | Identified a scroll of acquirement
  3612 | D:5      | Entered Level 5 of the Dungeon
  3774 | D:5      | Found Bufolus's Tiny Tomes.
  3777 | D:5      | Reached skill level 5 in Shields
  4064 | D:5      | Found a staircase to the Ecumenical Temple.
  4111 | Temple   | Entered the Ecumenical Temple
  4166 | Temple   | Became a worshipper of Gozag Ym Sagoz the Greedy
  4357 | D:5      | Reached XP level 8. HP: 69/69 MP: 7/7
  4689 | D:5      | Reached skill level 1 in Throwing
  4689 | D:5      | Reached skill level 1 in Stealth
  5000 | D:6      | Reached skill level 5 in Maces & Flails
  5726 | D:6      | Noticed Grinder
  5726 | D:6      | Paralysed by Grinder for 3 turns
  5732 | D:6      | Paralysed by Grinder for 2 turns
  5736 | D:6      | Killed Grinder
  5737 | D:6      | Reached XP level 9. HP: 21/75 MP: 8/8
  6756 | D:7      | Paralysed by a hornet for 3 turns
  7005 | D:7      | Found a snail-covered altar of Cheibriados.
  7005 | D:7      | Found a radiant altar of Vehumet.
  7005 | D:7      | Found an ornate altar of the Wu Jian Council.
  7005 | D:7      | Found a blossoming altar of Fedhas.
  7011 | D:7      | Found an iron altar of Okawaru.
  7011 | D:7      | Found a bloodstained altar of Trog.
  7198 | D:7      | Found a shimmering blue altar of Sif Muna.
  7888 | D:5      | Bought Vantem's Reference Book on Location for 90 gold
                  | pieces
  8636 | D:8      | Reached XP level 10. HP: 50/86 MP: 9/9
  8687 | D:8      | Reached skill level 10 in Armour
  8934 | D:8      | Reached skill level 5 in Dodging
  8971 | D:8      | Paralysed by a hornet for 1 turns
  9178 | D:9      | Found Biuniewn's Jewellery Emporium.
  9182 | D:9      | Bought a +4 ring of slaying for 1014 gold pieces
  9630 | D:9      | Found a runed translucent gate.
  9630 | D:9      | Found a runed translucent gate.
  9630 | D:9      | Noticed Fodor's ghost (novice MiFi)
  9631 | D:9      | Found a runed translucent gate.
  9697 | D:9      | Noticed an orange demon
  9717 | D:9      | Found a staircase to the Lair.
 10091 | D:9      | Noticed a necromancer
 10098 | D:9      | Killed a necromancer
 10099 | D:9      | Reached XP level 11. HP: 95/95 MP: 10/10
 10381 | D:9      | Acquired a manual of Fighting
 10627 | D:10     | Entered Level 10 of the Dungeon
 10671 | D:10     | Reached skill level 10 in Maces & Flails
 10700 | D:10     | Found Vinemu's General Store.
 10708 | D:10     | Bought a scroll of enchant armour for 90 gold pieces
 11143 | D:10     | Found a staircase to the Orcish Mines.
 12303 | D:9      | Bought a +6 ring of strength for 468 gold pieces
 12377 | D:9      | Reached skill level 10 in Fighting
 12393 | D:9      | Killed Fodor's ghost
 12716 | D:11     | Noticed a boulder beetle
 12736 | D:11     | Killed a boulder beetle
 12970 | D:11     | Noticed a two-headed ogre
 12978 | D:11     | Killed a two-headed ogre
 12979 | D:11     | Reached XP level 12. HP: 23/110 MP: 11/11
 12985 | D:11     | Reached skill level 10 in Shields
 13262 | D:11     | Noticed a two-headed ogre
 13270 | D:11     | Killed a two-headed ogre
 13749 | D:11     | Noticed a two-headed ogre
 13752 | D:11     | Killed a two-headed ogre
 14162 | D:12     | Noticed a boulder beetle
 14186 | D:12     | Killed a boulder beetle
 14202 | D:12     | Noticed Sonja
 14211 | D:12     | Found a white marble altar of Elyvilon.
 14220 | D:12     | Killed Sonja
 14320 | D:12     | Noticed a boulder beetle
 14342 | D:12     | Killed a boulder beetle
 14432 | D:12     | Found a transporter.
 14436 | D:12     | Noticed booth's ghost (journeyman DsGl)
 14436 | D:12     | Noticed a catoblepas
 14436 | D:12     | Noticed a seven-headed hydra
 14491 | D:12     | Found a transporter.
 14494 | D:12     | Noticed an ice dragon
 14637 | D:12     | Noticed a catoblepas
 14649 | D:12     | Killed a catoblepas
 15330 | D:13     | Noticed a centaur warrior
 15337 | D:13     | Killed a centaur warrior
 15338 | D:13     | Reached XP level 13. HP: 116/122 MP: 12/12
 15710 | D:13     | Reached skill level 15 in Armour
 15927 | D:13     | Found Ygax's Magic Scroll Shop.
 15955 | D:13     | Bought a scroll of enchant armour for 112 gold pieces
 15955 | D:13     | Bought a scroll of identify for 30 gold pieces
 15955 | D:13     | Bought a scroll of enchant weapon for 112 gold pieces
 16302 | D:14     | Found a gate to the Vaults.
 16717 | D:14     | Reached skill level 15 in Fighting
 16848 | D:14     | Noticed a sphinx
 16863 | D:14     | Killed a sphinx
 16937 | D:14     | Noticed Agnes
 16945 | D:14     | Killed Agnes
 17009 | D:14     | Reached XP level 14. HP: 82/135 MP: 13/13
 17018 | D:14     | Reached skill level 15 in Maces & Flails
 18255 | D:15     | Entered Level 15 of the Dungeon
 18278 | D:15     | Reached skill level 1 in Staves
 18315 | D:15     | Found a blossoming altar of Fedhas.
 18489 | D:15     | Found a staircase to the Depths.
 18558 | D:15     | Reached skill level 5 in Staves
 19021 | D:15     | Found a runed translucent gate.
 19021 | D:15     | Found a runed translucent gate.
 19021 | D:15     | Found a runed translucent gate.
 19023 | D:15     | Noticed Whoops's ghost (adept DsFi)
 19023 | D:15     | Noticed Kuralita's ghost (journeyman OpTm)
 19024 | D:15     | Noticed AyAyRon's ghost (adept DsFi)
 19024 | D:15     | Noticed Gosau's ghost (journeyman DsGl)
 19111 | D:15     | Killed Kuralita's ghost
 19120 | D:15     | Killed Whoops's ghost
 19132 | D:15     | Killed AyAyRon's ghost
 19231 | D:15     | Killed Gosau's ghost
 19306 | D:15     | Identified the ring "Ehuenubb" {rElec rF+}
 19872 | Lair:1   | Entered Level 1 of the Lair of Beasts
 19882 | Lair:1   | Noticed Fannar
 19895 | Lair:1   | Killed Fannar
 20259 | Lair:1   | Found a dark tunnel.
 20902 | Lair:2   | Noticed Nergalle
 20913 | Lair:2   | Killed Nergalle
 20979 | Lair:2   | Found a staircase to the Snake Pit.
 21017 | Snake:1  | Entered Level 1 of the Snake Pit
 21039 | Snake:1  | Reached XP level 15. HP: 120/147 MP: 14/14
 21155 | Snake:1  | Noticed Jorgrun
 21165 | Snake:1  | Killed Jorgrun
 22107 | Lair:2   | Reached skill level 10 in Staves
 22150 | Lair:2   | Noticed Gastronok
 22159 | Lair:2   | Reached skill level 1 in Ranged Weapons
 22182 | Lair:2   | Killed Gastronok
 22208 | Lair:2   | Found a staircase to the Shoals.
 22287 | Shoals:1 | Entered Level 1 of the Shoals
 22462 | Shoals:1 | Noticed a kraken
 22494 | Shoals:1 | HP: 6/148 [snapping turtle (10)]
 22495 | Shoals:1 | Killed from afar by a steam dragon

Illustrated notes

Levels and vault maps discovered:
D:1:      minmay_arrival_nine_rooms, layout_basic
D:2:      layout_basic, uniq_jessica
D:3:      layout_basic, grunt_dithmenos_smoke_and_mirrors, uniq_robin
D:4:      layout_layer_cave, portal_sewer_entry_d, grunt_ministairs_1
D:5:      layout_basic, minmay_temple_entry_butterflies,
          nicolae_shop_i_like_small_books_too
D:6:      layout_layer_cave, uniq_grinder
D:7:      wad_woods_stonehenge, layout_basic, minmay_overflow_temple_hex
D:8:      kb_forest_paths, layout_rooms, hangedman_decor_push
D:9:      layout_loops_corners, erik_lair_orcish_takeover,
          gammafunk_ghost_nasty_kobolds, serial_shops, shop,
          kennysheep_minor_cross, eino_house_with_fridge
D:10:     layout_grid_maze, zombieorc2_lemuel, serial_shops, shop,
          serial_demonic, serial_demonic_f, serial_demonic_g, serial_demonic_e,
          serial_demonic_c
D:11:     wad_woods_structure_01, layout_basic, portal_ice_cave_demonic_guard,
          minmay_misc_feat_room
D:12:     layout_roguey, gammafunk_ghost_berserking_beasts,
          corexii_checkpoint_b, elyvilon_altar_3, uniq_sonja
D:13:     layout_long_grid, serial_shops, shop, minmay_starry_boxes
D:14:     nzn_winding_woodlands_three_and_one
          [nzn_winding_woodlands_5x15_split_checker,
          nzn_winding_woodlands_5x15_jagged,
          nzn_winding_woodlands_5x15_concentric,
          nzn_winding_woodlands_center_garden], layout_gridville,
          david_vaults_1, minmay_splitting_lines, minmay_misc_feat_tower,
          st_stairs_1, uniq_agnes
D:15:     gammafunk_depths_entry_grave, layout_long_grid,
          gammafunk_ghost_cemetery, fedhas_altar_1
Temple:   nicolae_temple_superstar
Lair:1:   layout_gridlike, special_room [special_room_bee],
          nicolae_volcano_entry_batcave, uniq_fannar
Lair:2:   layout_cave_pods, elwin_shoals_entry_rocks,
          minmay_snake_entry_guardpost_small, lemuel_fruit_tree,
          infiniplex_staircase_pool_2, uniq_urug, uniq_nergalle, uniq_gastronok
Shoals:1: layout_shoals, nicolae_shoals_siren_and_animal_friends, uniq_frances
Snake:1:  layout_misc_corridors, uniq_jorgrun

Skill      XL: |  1  2  3  4  5  6  7  8  9 10 11 12 13 14 15 |
---------------+----------------------------------------------+-----
Armour         | 4 5 6 7 8 9 11 13 14 16 17 | 17.2
Fighting       | 4 5 6 7 8 11 13 15 17 | 17.7
Shields        | 4 5 6 7 8 9 10 11 12 | 12.3
Long Blades    | 3 |  3.1
Short Blades   | 1 2 |  2.1
Dodging        | 1 2 3 4 5 6 7 8 |  8.6
Maces & Flails | 1 3 4 6 7 9 11 13 14 15 | 15.1
Throwing       | 1 2 3 |  3.5
Stealth        | 1 2 3 |  3.8
Staves         | 8 10 | 10.7
Ranged Weapons | 2 |  2.1

Action                     |  1- 3 |  4- 6 |  7- 9 | 10-12 | 13-15 || total
---------------------------+-------+-------+-------+-------+-------++-------
  Melee: Long sword        |    16 |       |       |       |       ||    16
         Dagger            |    79 |    28 |       |       |       ||   107
         Headbutt          |    20 |    23 |    37 |   133 |   145 ||   358
         Mace              |       |   123 |   281 |   598 |   252 ||  1254
         Lajatang          |       |       |       |       |   408 ||   408
   Fire: Triple crossbow   |       |       |       |       |    13 ||    13
  Throw: Dart              |       |       |    15 |    21 |    10 ||    46
    Use: Scroll            |       |     6 |     9 |    11 |    16 ||    42
         Potion            |       |       |     5 |       |       ||     5
   Stab: Invisible         |       |     1 |       |       |       ||     1
         Distracted        |       |       |     2 |     2 |     3 ||     7
 Armour: Scale mail        |    45 |   113 |   172 |       |       ||   330
         Chain mail        |       |       |    10 |   422 |   559 ||   991
  Dodge: Dodged            |    41 |   125 |   211 |   295 |   446 ||  1118
  Block: Buckler           |    18 |    54 |   111 |   159 |    84 ||   426
